 Dungeon Crawl Stone Soup version 0.28.0-1-gb440e238dd (webtiles) character file.

Game seed: 2155997837488394418

18 Ablot the Grasshopper (level 2, -2/26 HPs)
             Began as a Gnoll Warper on Feb 26, 2022.
             Slain by a kobold (18 damage)
             ... on level 1 of the Dungeon.
             The game lasted 00:00:28 (527 turns).

Ablot the Grasshopper (Gnoll Warper)                 Turns: 527, Time: 00:00:29

Health: -2/26      AC:  3    Str: 10    XL:     2   Next: 66%
Magic:  7/7        EV: 12    Int: 12    God:
Gold:   28         SH:  0    Dex: 11    Spells: 8/10 levels left

rFire   . . .      SeeInvis .   a - +0 spear
rCold   . . .      Faith    .   (no shield)
rNeg    . . .      Spirit   .   b - +0 leather armour
rPois   .          Reflect  .   (no helmet)
rElec   .          Harm     .   (no cloak)
rCorr   .          Rampage  .   (no gloves)
Will    .....                   (no boots)
Stlth   +.........              (no amulet)
HPRegen 0.08/turn               (no ring)
MPRegen 0.10/turn               (no ring)

@: no status effects
A: fangs 1, strong nose, distributed training
a: no special abilities


You were on level 1 of the Dungeon.
You visited 1 branch of the dungeon, and saw 1 of its levels.

You collected 28 gold pieces.

Inventory:

Hand Weapons
 a - a +0 spear (weapon)
Missiles
 d - 5 boomerangs of dispersal (quivered)
Armour
 b - a +0 leather armour (worn)
Scrolls
 c - a scroll of blinking
 e - a scroll of immolation {unknown}


   Skills:
 + Level 4.5 Fighting
 + Level 0.5 Short Blades
 + Level 0.5 Long Blades
 + Level 0.5 Axes
 + Level 0.5 Maces & Flails
 + Level 4.5 Polearms
 + Level 0.5 Staves
 + Level 0.5 Slings
 + Level 0.5 Bows
 + Level 0.5 Crossbows
 + Level 2.5 Throwing
 + Level 2.5 Armour
 + Level 4.5 Dodging
 + Level 0.5 Stealth
 + Level 0.5 Shields
 + Level 0.5 Unarmed Combat
 + Level 4.9 Spellcasting
 + Level 0.3 Conjurations
 + Level 0.3 Hexes
 + Level 0.3 Summonings
 + Level 0.3 Necromancy
 + Level 5.3 Translocations
 + Level 0.3 Transmutations
 + Level 0.3 Fire Magic
 + Level 0.3 Ice Magic
 + Level 0.3 Air Magic
 + Level 0.3 Earth Magic
 + Level 0.3 Poison Magic
 + Level 0.6 Invocations
 + Level 0.5 Evocations


You had 8 spell levels left.
You knew the following spells:

 Your Spells              Type           Power      Damage    Failure   Level
a - Blink                 Tloc           30%        N/A       4%          2

Your spell library contained the following spells:

 Spells                   Type           Power      Damage    Failure   Level
 Gell's Gravitas          Tloc           15%        N/A       9%          3
 Lesser Beckoning         Tloc           15%        N/A       9%          3
 Teleport Other           Tloc           15%        N/A       9%          3
 Manifold Assault         Tloc           15%        N/A       63%         5


Dungeon Overview and Level Annotations

Branches:
Dungeon (1/15)

Altars:


Innate Abilities, Weirdness & Mutations

You have very sharp teeth.
Your uncanny sense of smell can sniff out nearby items.
Your experience applies equally to all skills.


Message History

No target in view!
No target in view!
No target in view!
No target in view!
No target in view!
No target in view!
No target in view!
You see here a ball python corpse.
A kobold comes into view. It is wielding a +0 short sword.
The kobold shouts!
A kobold comes into view.
It is wielding a +1 short sword of electrocution.
The kobold shouts!
Found 10 gold pieces.
You hit the kobold.
The kobold is severely wounded.
The kobold hits you with a +0 short sword.
You hit the kobold.
The kobold is severely wounded.
You hit the kobold but do no damage.
The kobold is severely wounded.
The kobold hits you with a +0 short sword.
You barely miss the kobold.
The kobold is severely wounded.
The kobold hits you with a +0 short sword.
You hit the kobold but do no damage. Your bite misses the kobold.
The kobold is severely wounded.
The kobold barely misses you. x2
You miss the kobold. You bite the kobold, but do no damage.
The kobold is severely wounded.
The kobold closely misses you. The kobold barely misses you.
You hit the kobold.
You kill the kobold!
The kobold hits you but does no damage.
You closely miss the kobold. The kobold barely misses you.
You closely miss the kobold. You hit the kobold.
The kobold is heavily wounded.
The kobold hits you but does no damage.
You are electrocuted!!
Ouch! That really hurt!
You die...

##.#...........# #
#.#............
#..............
#..#...........#
#....#.........#..
......#####.#..#..#.
.....# ##....##..
.....#####.$.......
........K@..##.####
.........).## ...
...##..#... ..# $
.......... .#
.......###....
........## #.
...##.## .## ..


You could see a kobold.

Vanquished Creatures
  2 dart slugs (D:1)
  A ball python (D:1)
  An endoplasm (D:1)
  A goblin (D:1)
  A hobgoblin (D:1)
  4 jackals (D:1)
  A frilled lizard (D:1)
  A kobold (D:1)
12 creatures vanquished.

Notes
Turn   | Place    | Note
-------+----------+-------------------------------------------
     0 | D:1      | Ablot the Gnoll Warper began the quest for the Orb.
     0 | D:1      | Reached XP level 1. HP: 20/20 MP: 6/6
   360 | D:1      | Reached XP level 2. HP: 22/26 MP: 7/7
   377 | D:1      | Learned a level 2 spell: Blink
   527 | D:1      | Slain by a kobold

Illustrated notes

Levels and vault maps discovered:
D:1:      ncdulo_halloftheorcs, layout_rooms,
          hellmonk_ecumenical_altar_pennies_from_heaven

Action                   || total
-------------------------++-------
Melee: Spear             ||    67
       Bite              ||    10
Armor: Leather armour    ||    10
Dodge: Dodged            ||    43
